 Dungeon Crawl Stone Soup version 0.29-a0-275-g389c0b56f3 (webtiles) character file.

Game seed: 7560221635023537423

84 oldriver the Shooter (level 4, -5/40 HPs)
             Began as a Naga Hunter on Mar 13, 2022.
             Killed from afar by Natasha (6 damage)
             ... with a magic dart
             ... on level 2 of the Dungeon.
             The game lasted 00:02:21 (1327 turns).

oldriver the Shooter (Naga Hunter)                  Turns: 1327, Time: 00:02:22

Health: -5/40      AC:  2    Str: 14    XL:     4   Next: 46%
Magic:  4/4        EV:  9    Int: 12    God:
Gold:   136        SH:  0    Dex: 13    Spells: 3/3 levels left

rFire   . . .      SeeInvis +   a - +1 shortbow
rCold   . . .      Faith    .   (shield currently unavailable)
rNeg    . . .      Spirit   .   b - +0 leather armour
rPois   +          Reflect  .   (no helmet)
rElec   .          Harm     .   (no cloak)
rCorr   .          Rampage  .   (no gloves)
Will    .....                   (no barding)
Stlth   ++........              (no amulet)
HPRegen 0.13/turn               (no ring)
MPRegen 0.09/turn               (no ring)

@: very slow
A: AC +1, large, see invisible, deformed body, poison resistance, slowness 2,
spit poison 1, naga tail 1
a: Spit Poison


You were on level 2 of the Dungeon.
You visited 1 branch of the dungeon, and saw 2 of its levels.

You collected 136 gold pieces.

Inventory:

Hand Weapons
 a - a +1 shortbow (weapon)
Armour
 b - a +0 leather armour (worn)
Jewellery
 j - a ring of flight
Scrolls
 c - a scroll of immolation
 g - a scroll of fear {unknown}
 h - 4 scrolls of fog {unknown}
 i - 2 scrolls of blinking {unknown}
 k - 2 scrolls of identify {unknown}
 l - a scroll of noise {unknown}
 m - a scroll of enchant weapon {unknown}
Potions
 d - a potion of lignification {unknown}
 f - a potion of curing {unknown}


   Skills:
 + Level 2.9 Fighting
 * Level 4.6 Bows
 - Level 1.5 Dodging
 - Level 3.0 Stealth


You had 3 spell levels left.
You didn't know any spells.
Your spell library was empty.

Dungeon Overview and Level Annotations

Branches:
Dungeon (2/15)

Altars:

Annotations:
D:2 Natasha


Innate Abilities, Weirdness & Mutations

Your serpentine skin is tough. (AC +1)
You have supernaturally acute eyesight. (SInv)
Armour fits poorly on your strangely shaped body.
Your system is resistant to poisons. (rPois)
You cover ground very slowly.
You can spit poison.
You have a snake-like lower body.


Message History

Natasha claws you.
You shoot an arrow. The arrow barely misses Natasha.
Natasha mumbles some strange words.
Natasha claws you.
You fail to use your ability.
Natasha claws you. x2
Aiming: Spit Poison (1% risk of failure)
Press: ? - help, Q - select action, (/) - cycle Shift-Dir - straight line, f/p - Natasha
Aim: Natasha (lightly wounded, 50% to hit)
The splash of poison hits Natasha.
Natasha is poisoned.
Natasha is heavily wounded.
Natasha claws you but does no damage.
The shadow imp sputters.
It was a potion of cancellation.
Your magical effects are unravelling.
You feel magically purged.
You feel yourself speed up. Natasha barely misses you. Natasha claws you.
Shoot: a) +1 shortbow
Press: ? - help, Shift-Dir - straight line, f/p - Natasha
Aim: Natasha (severely wounded, poisoned, 55% to hit)
You shoot an arrow. The arrow closely misses Natasha.
You have got your breath back.
Natasha casts a spell at you. The magic dart hits you!
* * * LOW HITPOINT WARNING * * *
Shoot: a) +1 shortbow
Press: ? - help, Shift-Dir - straight line, f/p - Natasha
Aim: Natasha (severely wounded, poisoned, 55% to hit)
You shoot an arrow. The arrow closely misses Natasha.
Natasha looks more healthy.
Natasha casts a spell at you. You resist with some effort.
Shoot: a) +1 shortbow
Press: ? - help, Shift-Dir - straight line, f/p - Natasha
Aim: Natasha (almost dead, 55% to hit)
You shoot an arrow. The arrow closely misses Natasha.
Natasha claws you.
* * * LOW HITPOINT WARNING * * *
Natasha casts a spell at you. The magic dart hits you.
You die...

#.... ..# ####.#.#
#.# ...#.#.# #.#
##.#.#.###.#######
##.#.#.#.........#
.#.#.#.#.#.#####.#
.#.#†....#.# #.#
.........#.# #.#
...#.......# #@#
######.#####
#.h5..# # #.#
####.## # #.# # #
#+# # # # ##


You could see Natasha and a shadow imp (summoned).

Vanquished Creatures
  4 adders (D:2)
  A worm (D:2)
  2 dart slugs (D:2)
  7 bats (D:1)
  6 endoplasms (D:1)
  2 giant cockroaches (D:1)
  2 goblins
  4 hobgoblins
  3 kobolds
  A quokka (D:1)
  3 ball pythons
  3 frilled lizards
  2 rats (D:1)
40 creatures vanquished.

Notes
Turn   | Place    | Note
-------+----------+-------------------------------------------
     0 | D:1      | oldriver the Naga Hunter began the quest for the Orb.
     0 | D:1      | Reached XP level 1. HP: 19/19 MP: 1/1
    70 | D:1      | Reached XP level 2. HP: 26/26 MP: 2/2
   357 | D:1      | Reached skill level 4 in Bows
   390 | D:1      | Found a faded altar of an unknown god.
   427 | D:1      | Reached XP level 3. HP: 33/33 MP: 3/3
  1018 | D:2      | Reached XP level 4. HP: 40/40 MP: 4/4
  1319 | D:2      | Noticed Natasha
  1327 | D:2      | HP: 1/40 [Natasha (6)]
  1327 | D:2      | Killed from afar by Natasha

Illustrated notes

Levels and vault maps discovered:
D:1:      noname_arrival_rooms_in_the_neighbourhood, layout_rooms,
          hellmonk_ecumenical_altar_run_dry, minmay_octomino_c4
D:2:      layout_loops_corners, moated_statue, uniq_natasha

Skill      XL: |  1  2  3 |
---------------+----------+-----
Stealth        | 2 3 |  3.0
Bows           | 4 |  4.6
Fighting       | |  2.9
Dodging        | |  1.5

Action                   |  1- 3 |  4- 6 || total
-------------------------+-------+-------++-------
 Fire: Shortbow          |    67 |    20 ||    87
 Abil: Spit Poison       |     5 |     5 ||    10
  Use: Potion            |       |     1 ||     1
Armor: Leather armour    |     9 |     3 ||    12
Dodge: Dodged            |    17 |     3 ||    20

Table legend: (Time is in decaauts)
 A = Elapsed time spent in this place.
 B = Non-inter-level travel time spent in this place.
 C = Inter-level travel time spent in this place.
 D = Time resting spent in this place.
 E = Time spent auto-exploring this place.
 F = Levels seen in this place.
 G = Mean time per level.
                   A        B        C        D        E       F      G
               +--------+--------+--------+--------+--------+-----+--------+
         Total |   1614 |   1614 |      0 |     99 |   1287 |   2 |  807.0 |
       Dungeon |   1614 |   1614 |      0 |     99 |   1287 |   2 |  807.0 |
               +--------+--------+--------+--------+--------+-----+--------+

Top non-repeatable levels by time:
     D:2: 826 daAuts
     D:1: 788 daAuts
